 Dungeon Crawl Stone Soup version 0.28-a0-909-g796cbd3a86 (webtiles) character file.

Game seed: 8794742865782546019

30 nicanaca0 the Chopper (level 3, -2/31 HPs)
             Began as a Minotaur Berserker on Nov 9, 2021.
             Was a Believer of Trog.
             Slain by TheNamelessOne's ghost (16 damage)
             ... on level 3 of the Dungeon on Nov 24, 2021.
             The game lasted 00:02:49 (1321 turns).

nicanaca0 the Chopper (Minotaur Berserker)          Turns: 1321, Time: 00:02:50

Health: -2/31      AC:  3    Str: 21    XL:     3   Next: 5%
Magic:  2/2        EV: 11    Int:  5    God:    Trog [**....]
Gold:   24         SH:  5    Dex:  9    Spells: 2/2 levels left

rFire   . . .      SeeInvis .   a - +0 hand axe
rCold   . . .      Faith    .   (no shield)
rNeg    . . .      Spirit   .   c - +0 leather armour
rPois   .          Reflect  +   (helmet restricted)
rElec   .          Harm     .   (no cloak)
rCorr   .          Rampage  .   (no gloves)
Will    .....                   (no boots)
Stlth   +.........              g - amulet of reflection
HPRegen 0.10/turn               (no ring)
MPRegen 0.08/turn               (no ring)

@: no status effects
A: horns 2, retaliatory headbutt
a: Renounce Religion, Berserk, Trog's Hand


You were on level 3 of the Dungeon.
You worshipped Trog.
Trog was pleased with you.
You visited 1 branch of the dungeon, and saw 3 of its levels.

You collected 24 gold pieces.

Inventory:

Hand Weapons
 a - a +0 hand axe (weapon)
Missiles
 e - 3 boomerangs (quivered)
 h - a stone
Armour
 b - a +0 animal skin
 c - a +0 leather armour (worn)
Jewellery
 g - an amulet of reflection (around neck)
Scrolls
 d - 2 scrolls of identify {unknown}
Potions
 f - a potion of haste {unknown}


   Skills:
 - Level 3.6 Fighting
 * Level 5.1 Axes
 - Level 2.4 Armour
 - Level 2.1 Dodging


You had 2 spell levels left.
You didn't know any spells.
Your spell library was empty.

Dungeon Overview and Level Annotations

Branches:
Dungeon (3/15)

Altars:

Annotations:
D:3 TheNamelessOne's ghost, amateur FoFi


Innate Abilities, Weirdness & Mutations

You have a pair of horns on your head.
You reflexively headbutt those who attack you in melee.


Message History

(D) Dungeon
Where to? (Enter - D:3, ? - help)
A ball python comes into view.
There is a stone staircase leading down here.
Unknown command.
Unknown command.
(D) Dungeon
Where to? (Enter - D:3, ? - help)
A ball python is nearby!
Unknown command.
The ball python hisses angrily.
You climb downwards.
There is a stone staircase leading up here.
Unknown command.
(D) Dungeon
Where to? (Enter - D:3, ? - help) Sorry, I don't know how to get there.
Unknown command.
Unknown command.
Found a runed translucent door.
TheNamelessOne's ghost turns its malevolent gaze towards you.
A dart slug comes into view.
You open the door.
You closely miss TheNamelessOne's ghost.
TheNamelessOne's ghost hits you.
You hit TheNamelessOne's ghost.
TheNamelessOne's ghost is lightly damaged.
TheNamelessOne's ghost closely misses you.
You hit TheNamelessOne's ghost but do no damage.
TheNamelessOne's ghost is lightly damaged.
TheNamelessOne's ghost hits you!
You hit TheNamelessOne's ghost.
You headbutt TheNamelessOne's ghost, but do no damage.
TheNamelessOne's ghost is lightly damaged.
TheNamelessOne's ghost closely misses you.
You barely miss TheNamelessOne's ghost.
TheNamelessOne's ghost is lightly damaged.
TheNamelessOne's ghost hits you!
Ouch! That really hurt!
You die...

....##...##...#.
...##.....##....
#..#⌠.!♣?.⌠#....
#..##.....##..#.
#...##...##.....
.....##.##.....w
......#W#...#
#....@...#
....#.....#### .
####.....#
###.....#
#.......#
#.#.....#
#<#.....#
#.####### #.#


You could see TheNamelessOne's ghost.

Vanquished Creatures
  A dart slug (D:1)
  4 ball pythons (D:1)
  2 endoplasms (D:1)
  2 giant cockroaches (D:1)
  4 goblins (D:1)
  5 kobolds
  A quokka (D:1)
  A bat (D:1)
  4 frilled lizards (D:1)
  2 rats (D:1)
26 creatures vanquished.

Notes
Turn   | Place    | Note
-------+----------+-------------------------------------------
     0 | D:1      | nicanaca0 the Minotaur Berserker began the quest for the
                  | Orb.
     0 | D:1      | Reached XP level 1. HP: 19/19 MP: 0/0
   155 | D:1      | Reached skill level 4 in Axes
   356 | D:1      | Reached XP level 2. HP: 15/26 MP: 1/1
   828 | D:1      | Reached skill level 5 in Axes
   860 | D:1      | Reached ** piety under Trog
  1053 | D:1      | Reached XP level 3. HP: 31/31 MP: 2/2
  1266 | D:1      | Upgraded the game from 0.28-a0-823-gb444dcf96d to
                  | 0.28-a0-909-g796cbd3a86
  1309 | D:3      | Found a runed translucent door.
  1310 | D:3      | Noticed TheNamelessOne's ghost (amateur FoFi)
  1321 | D:3      | Slain by TheNamelessOne's ghost

Illustrated notes

Levels and vault maps discovered:
D:1:      dpeg_arrival_ternary, layout_basic
D:2:      kennysheep_six_static_rooms, layout_rooms, fountainhead, uniq_jessica,
          uniq_natasha
D:3:      layout_loops_cross, hellmonk_ghost_happy_afterlife, uniq_terence

Skill      XL: |  1  2 |
---------------+-------+-----
Axes           | 4 5 |  5.1
Fighting       | |  3.6
Armour         | |  2.4
Dodging        | |  2.1

Action                   || total
-------------------------++-------
Melee: Hand axe          ||    53
       Headbutt          ||     6
Throw: Boomerang         ||    22
       Stone             ||     3
Armor: Animal skin       ||     4
       Leather armour    ||     3
Dodge: Dodged            ||    28
Block: Other             ||     1

Table legend: (Time is in decaauts)
 A = Elapsed time spent in this place.
 B = Non-inter-level travel time spent in this place.
 C = Inter-level travel time spent in this place.
 D = Time resting spent in this place.
 E = Time spent auto-exploring this place.
 F = Levels seen in this place.
 G = Mean time per level.
                   A        B        C        D        E       F      G
               +--------+--------+--------+--------+--------+-----+--------+
         Total |   1331 |   1298 |     33 |      0 |   1099 |   3 |  443.7 |
       Dungeon |   1331 |   1298 |     33 |      0 |   1099 |   3 |  443.7 |
               +--------+--------+--------+--------+--------+-----+--------+

Top non-repeatable levels by time:
     D:1: 1307 daAuts
     D:3: 15 daAuts
     D:2: 8 daAuts
